 Dungeon Crawl Stone Soup version 0.19.0-20-gbc5f0c6 (webtiles) character file.

3805 Chiseanne the Nimble (level 9, 0/55 HPs)
             Began as a Deep Elf Hunter on Nov 16, 2016.
             Was an Initiate of Gozag.
             Slain by a two-headed ogre
             ... wielding a +0 giant club
              (13 damage)
             ... on level 8 of the Dungeon.
             The game lasted 00:22:53 (6857 turns).

Chiseanne the Nimble (Deep Elf Hunter)              Turns: 6857, Time: 00:22:53

Health: 0/55       AC:  7    Str:  9    XL:     9   Next: 96%
Magic:  11/11      EV: 20    Int: 17    God:    Gozag
Gold:   295        SH:  0    Dex: 16    Spells: 2 memorised, 4 levels left

rFire  + . .     SeeInvis .     a - +10 whip "Epogg" {speed, rPois rF+ Dex-2 Stlth+}
rCold  . . .     Gourm    .     v - +2 robe
rNeg   . . .     Faith    .     (no shield)
rPois  +         Spirit   .     (no helmet)
rElec  .         Reflect  .     (no cloak)
rCorr  .         Harm     .     (no gloves)
MR     .....                    s - +2 pair of boots
Stlth  +++.......               C - amulet of magic regeneration
                                (no ring)
                                j - +4 ring of slaying

@: drained
A: no striking features
a: Potion Petition, Call Merchant, Bribe Branch, Renounce Religion


You were on level 8 of the Dungeon.
You worshipped Gozag.
Gozag was aware of your devotion.
You were not hungry.

You visited 1 branch of the dungeon, and saw 8 of its levels.

You collected 1046 gold pieces.
You spent 255 gold pieces at shops.
You paid 496 gold pieces to Gozag.

Inventory:

Hand Weapons
 a - the +10 whip "Epogg" (weapon) {speed, rPois rF+ Dex-2 Stlth+}
   (You bought it in a shop on level 7 of the Dungeon)

   Attacks with this weapon are significantly faster.
   It affects your dexterity (-2).
   It protects you from fire.
   It protects you from poison.
   It makes you more stealthy.
 t - a +1 dire flail of draining
 w - a +1 shortbow
 B - a +2 great sword of freezing
Missiles
 b - 330 stones
 d - 3 arrows
 e - 6 bolts
 p - 4 tomahawks (quivered)
 u - 20 poisoned needles
 z - 30 sling bullets
Armour
 s - a +2 pair of boots (worn)
 v - a +2 robe (worn)
Jewellery
 j - a +4 ring of slaying (left hand)
 C - an amulet of magic regeneration (around neck)
Wands
 i - a wand of teleportation (8/9)
 A - a wand of digging (14/24)
Scrolls
 k - 2 scrolls of teleportation
 m - 8 scrolls of remove curse
 r - a scroll of recharging
 y - a scroll of fear
Potions
 c - a potion of brilliance {unknown}
 g - 2 potions of heal wounds
 h - a potion of might {unknown}
 l - a potion of resistance {unknown}
 n - 7 potions of curing
 o - 2 potions of magic
Books
 q - a book of Minor Magic

   Spells                             Type                      Level
   a - Magic Dart                     Conjuration                  1
   b - Blink                          Translocation                2
   c - Call Imp                       Summoning                    2
   d - Repel Missiles                 Charms/Air                   2
   e - Slow                           Hexes                        2
   f - Conjure Flame                  Conjuration/Fire             3
   g - Mephitic Cloud                 Conjuration/Poison/Air       3
Comestibles
 f - 4 bread rations
 x - 6 slices of pizza


   Skills:
 * Level 6.0(5.8) Fighting
 - Level 10.0(9.9) Bows
 * Level 11.4(11.2) Dodging
 - Level 1.2(1.1) Stealth


You had 4 spell levels left.
You knew the following spells:

 Your Spells              Type           Power        Failure   Level  Hunger
a - Blink                 Tloc           N/A          34%         2    ###....
b - Repel Missiles        Chrm/Air       #.....       34%         2    ###....


Dungeon Overview and Level Annotations

Branches:
Dungeon (8/15)             Temple (0/1) D:6
   Lair: D:8-11

Altars:
Dithmenos
Fedhas
Gozag
Vehumet
The Shining One

Shops:
D:7 (


Message History

Press: ? - help, Shift-Dir - straight line, f/p - two-headed ogre
Aim: a two-headed ogre, wielding two giant clubs (moderately wounded)
You throw a tomahawk. The tomahawk hits the two-headed ogre!
The two-headed ogre is heavily wounded.
Throwing (i - inventory. (,) - cycle):
p - 5 tomahawks (quivered)
Press: ? - help, Shift-Dir - straight line, f/p - two-headed ogre
Aim: a two-headed ogre, wielding two giant clubs (heavily wounded)
You throw a tomahawk. The tomahawk hits the two-headed ogre.
The two-headed ogre is severely wounded.
The two-headed ogre misses you. The two-headed ogre closely misses you.
You hit the two-headed ogre.
The two-headed ogre is severely wounded.
You hit the two-headed ogre.
The two-headed ogre is severely wounded.
The two-headed ogre hits you with a giant club!!
Ouch! That really hurt!
* * * LOW HITPOINT WARNING * * *
The two-headed ogre hits you with a giant club!
You die...
Your body crumbles into a pile of gold. #.#. #... #... #..# #z #o. ...( ..###Ko #.(# #zo

.(# #.(# #z# #K# #..# #.#
#$# #####O.# #.# #(#
..##@.#####.###K#
#.##...........(#
##$##)######.#####
##.###...[>).# #.#
........##.#.# #.#
...####....#.####.#########
# #.#### #....K.KW....# #.#
#ยง##.#######W# #.# #
#.#..# #.#


You could see a two-headed ogre.

Vanquished Creatures
  Prince Ribbit (D:7)
  2 hippogriffs
  Sigmund (D:4)
  A yak (D:7)
  A human (D:7)
  3 hogs (D:7)
  Menkaure (D:6)
  A warg (D:8)
  Edmund (D:5)
  A water moccasin (D:7)
  Duvessa (D:7)
  2 ice beasts
  2 phantoms
  A centaur (D:3)
  2 big kobolds (D:8)
  4 bullfrogs (D:7)
  A gnoll sergeant (D:7)
  Dowan (D:7)
  4 wights (D:8)
  A howler monkey (D:8)
  A crimson imp (D:5)
  A quasit (D:7)
  The ghost of equalderp2856 the Scratcher, a weakling FeFi (D:3)
  A gnoll shaman (D:4)
  2 orc priests
  A hound (D:4)
  An orc wizard (D:8)
  A bullfrog skeleton (D:6)
  2 iguanas
  Ijyb (D:3)
  A worker ant (D:8)
  A howler monkey zombie (D:6)
  2 worker ant zombies
  8 adders
  7 gnolls
  2 shadow imps
  3 oozes
  An adder zombie (D:7)
  3 worms (D:3)
  2 dart slugs
  3 leopard geckos
  15 orcs
  A ball python (D:1)
  3 bats
  6 giant cockroaches
  3 goblins
  12 hobgoblins
  A quokka (D:3)
  3 frilled lizards
  10 kobolds
  A leopard gecko zombie (D:7)
  9 rats
141 creatures vanquished.

Notes
Turn   | Place    | Note
-------+----------+-------------------------------------------
     0 | D:1      | Chiseanne the Deep Elf Hunter began the quest for the Orb.
     0 | D:1      | Reached XP level 1. HP: 12/12 MP: 3/3
     6 | D:1      | Noticed a swamp worm
     6 | D:1      | Noticed a swamp drake
     6 | D:1      | Noticed a killer bee
     7 | D:1      | Noticed an anaconda
   371 | D:1      | Reached XP level 2. HP: 17/17 MP: 4/4
   394 | D:1      | Reached skill level 3 in Dodging
   589 | D:1      | Reached XP level 3. HP: 19/21 MP: 5/5
  1463 | D:2      | Found a radiant altar of Vehumet.
  1474 | D:2      | Found an opulent altar of Gozag.
  1487 | D:2      | Became a worshipper of Gozag Ym Sagoz the Greedy
  1492 | D:2      | Found a glowing golden altar of the Shining One.
  1627 | D:2      | Reached skill level 5 in Bows
  1735 | D:3      | Noticed Ijyb
  1745 | D:3      | Killed Ijyb
  1745 | D:3      | Reached XP level 4. HP: 24/26 MP: 6/6
  1756 | D:3      | Noticed equalderp2856's ghost (weakling FeFi)
  1773 | D:3      | Killed equalderp2856's ghost
  1774 | D:3      | Reached skill level 4 in Dodging
  1787 | D:3      | Found a faded altar of an unknown god.
  1833 | D:3      | Noticed a centaur
  1845 | D:3      | Killed a centaur
  1845 | D:3      | Reached XP level 5. HP: 18/32 MP: 7/7
  2345 | D:3      | Learned a level 2 spell: Blink
  2348 | D:3      | Learned a level 2 spell: Repel Missiles
  2354 | D:3      | Found a shadowy altar of Dithmenos.
  2785 | D:4      | Found a faded altar of an unknown god.
  2785 | D:4      | Found a blossoming altar of Fedhas.
  2790 | D:4      | Found a faded altar of an unknown god.
  2792 | D:4      | Found a faded altar of an unknown god.
  2794 | D:4      | Found a faded altar of an unknown god.
  2832 | D:4      | Reached XP level 6. HP: 37/37 MP: 8/8
  2834 | D:4      | Reached skill level 5 in Dodging
  2854 | D:4      | Noticed Sigmund
  2906 | D:4      | Killed Sigmund
  2985 | D:4      | Reached XP level 7. HP: 42/42 MP: 9/9
  3289 | D:5      | Entered Level 5 of the Dungeon
  3339 | D:5      | Noticed Edmund
  3373 | D:5      | Killed Edmund
  3373 | D:5      | Reached skill level 6 in Dodging
  4143 | D:6      | Found a staircase to the Ecumenical Temple.
  4204 | D:6      | Noticed Menkaure
  4208 | D:6      | Killed Menkaure
  4208 | D:6      | Reached skill level 7 in Dodging
  4208 | D:6      | Reached XP level 8. HP: 26/48 MP: 10/10
  4486 | D:7      | Noticed Dowan
  4495 | D:7      | Noticed Duvessa
  4506 | D:7      | Killed Duvessa
  4512 | D:7      | Killed Dowan
  4783 | D:7      | Reached skill level 8 in Dodging
  5274 | D:7      | Noticed a hippogriff
  5280 | D:7      | Killed a hippogriff
  5280 | D:7      | Reached skill level 9 in Dodging
  5397 | D:7      | Reached XP level 9. HP: 30/52 MP: 11/11
  5435 | D:7      | Reached skill level 10 in Bows
  5435 | D:7      | Reached skill level 10 in Dodging
  5722 | D:7      | Noticed Prince Ribbit
  5733 | D:7      | Killed Prince Ribbit
  5920 | D:7      | Bought a twisted whip for 255 gold pieces
  5921 | D:7      | Identified the +10 whip "Epogg" {speed, rPois rF+ Dex-2 Stlth+} (You bought it in a shop on level 7 of the Dungeon)
  5947 | D:7      | Reached skill level 5 in Fighting
  6455 | D:8      | Reached skill level 11 in Dodging
  6857 | D:8      | Slain by a two-headed ogre

Skill      XL: |  1  2  3  4  5  6  7  8  9 |
---------------+----------------------------+-----
Dodging        | 3 4 5 7 9 11 | 11.4
Fighting       | 2 3 4 6 |  6.0
Bows           | 5 6 7 9 10 | 10.0
Stealth        | |  1.2

Action                   |  1- 3 |  4- 6 |  7- 9 || total
-------------------------+-------+-------+-------++-------
Melee: Short sword       |    11 |       |     3 ||    14
       Whip              |       |       |    81 ||    81
       Dire flail        |       |       |    17 ||    17
 Fire: Shortbow          |    83 |    94 |   270 ||   447
Throw: Stone             |       |       |    15 ||    15
       Tomahawk          |       |       |     8 ||     8
Invok: Call Merchant     |       |       |     1 ||     1
Evoke: Wand              |       |     2 |       ||     2
  Use: Scroll            |     3 |     5 |    11 ||    19
       Potion            |       |     2 |     3 ||     5
 Stab: Invisible         |       |       |     3 ||     3
       Sleeping          |       |       |     3 ||     3
       Distracted        |       |       |     1 ||     1
  Eat: Chunk             |     2 |       |       ||     2
       Pizza             |       |     1 |     1 ||     2
       Bread ration      |       |     1 |       ||     1
       Fruit             |       |       |     7 ||     7
       Beef jerky        |       |       |     4 ||     4
Armor: Leather armour    |     5 |     3 |    10 ||    18
       Skin              |       |       |    13 ||    13
       Robe              |       |       |    10 ||    10
Dodge: Dodged            |    14 |    13 |   139 ||   166
